 Dungeon Crawl Stone Soup version 0.23-a0-650-ga4d50d4 (webtiles) character file.

15299 Arthanis the Arsonist (level 12, -6/62 HPs)
             Began as a Deep Elf Fire Elementalist on Jan 3, 2019.
             Was a High Priest of Vehumet.
             Mangled by a death yak (15 damage)
             ... in an ice cave.
             The game lasted 00:37:49 (10410 turns).

Arthanis the Arsonist (Deep Elf Fire Elementalist) Turns: 10410, Time: 00:37:50

Health: -6/62      AC:  9    Str:  5    XL:     12   Next: 0%
Magic:  18/29      EV: 14    Int: 30    God:    Vehumet [*****.]
Gold:   731        SH:  0    Dex: 15    Spells: 16/33 levels left

rFire    x . .     SeeInvis .   C - +3 great sword (freeze)
rCold    + . .     Gourm    .   (shield currently unavailable)
rNeg     + . .     Faith    .   U - +0 troll leather armour
rPois    .         Spirit   .   (no helmet)
rElec    .         Reflect  .   H - +0 cloak
rCorr    .         Harm     .   j - +0 pair of gloves
MR       +....                  P - +2 pair of boots
Stlth    ++........             (no amulet)
HPRegen  0.60/turn              V - ring of Ehyginir {rN+ Int+4}
MPRegen  0.21/turn              h - ring of ice

@: frozen, very slow
A: no striking features
a: Renounce Religion


You were in an ice cave.
You worshipped Vehumet.
Vehumet was extremely pleased with you.
You were not hungry.

You visited 2 branches of the dungeon, and saw 13 of its levels.
You also visited: Ossuary and Ice Cave.

You collected 731 gold pieces.

Inventory:

Hand Weapons
 q - a +0 dagger
 y - a +1 short sword of venom
 C - a +3 great sword of freezing (weapon)
 D - a +0 trident
 N - the +0 morningstar of Xipigg {flame, *Drain +Rage rElec rF- rN++}
   (You found it on level 8 of the Dungeon)

   It has been specially enchanted to burn those struck by it, causing extra
   injury to most foes and up to half again as much damage against particularly
   susceptible opponents.
   It makes you vulnerable to fire.
   It insulates you from electricity.
   It greatly protects you from negative energy.
   It lets you go berserk.
   It causes draining when unequipped.
 T - a +1 spear of freezing
Missiles
 L - 3 throwing nets (quivered)
Armour
 a - a +0 robe
 j - a +0 pair of gloves (worn)
 G - a +0 cloak
 H - a +0 cloak (worn)
 P - a +2 pair of boots (worn)
 U - a +0 troll leather armour (worn)
Jewellery
 b - an uncursed ring of wizardry
 h - a ring of ice (right hand)
 R - a +3 ring of dexterity
 V - the ring of Ehyginir (left hand) {rN+ Int+4}
   (You found it on level 11 of the Dungeon)

   [ring of positive energy]

   It affects your intelligence (+4).
   It protects you from negative energy.
Wands
 k - a wand of enslavement (4)
 E - a wand of paralysis (9)
 I - a wand of acid (4)
 K - a wand of iceblast (17)
 S - a wand of digging (8)
Scrolls
 e - 12 scrolls of teleportation
 l - 2 scrolls of enchant armour {unknown}
 o - 2 scrolls of fog
 r - a scroll of enchant weapon {unknown}
 u - 2 scrolls of fear {unknown}
 A - a scroll of random uselessness {unknown}
 B - 4 scrolls of immolation
 J - 2 scrolls of torment {unknown}
 M - a scroll of blinking {unknown}
 Q - a scroll of vulnerability {unknown}
Potions
 d - 4 potions of might
 f - 10 potions of flight
 g - a potion of berserk rage {unknown}
 i - 2 potions of heal wounds {unknown}
 m - 3 potions of haste {unknown}
 n - 2 potions of degeneration {unknown}
 p - 3 potions of lignification
 s - 2 potions of mutation {unknown}
 t - 2 potions of ambrosia {unknown}
 v - 3 potions of agility {unknown}
 w - 2 potions of invisibility {unknown}
 x - 2 potions of curing {unknown}
 z - 3 potions of brilliance {unknown}
 F - 2 potions of resistance {unknown}
Miscellaneous
 W - a fan of gales
Comestibles
 c - 14 rations
 O - 12 chunks of flesh


   Skills:
 - Level 2.0 Fighting
 - Level 2.0 Armour
 + Level 5.6 Dodging
 - Level 3.0 Stealth
 + Level 11.0 Spellcasting
 * Level 12.4 Conjurations
 * Level 12.8 Fire Magic
 + Level 4.0 Evocations


You had 16 spell levels left.
You knew the following spells:

 Your Spells              Type           Power        Failure   Level  Hunger
a - Flame Tongue          Conj/Fire      #####        1%          1    None
b - Conjure Flame         Conj/Fire      #######.     1%          3    None
c - Sticky Flame          Conj/Fire      #######.     1%          4    None
d - Fireball              Conj/Fire      #######...   1%          5    ###....
e - Shock                 Conj/Air       ####         1%          1    None
f - Mephitic Cloud        Conj/Pois/Air  #####...     1%          3    None

Your spell library contained the following spells:

 Spells                   Type           Power        Failure   Level  Hunger
 Bolt of Cold             Conj/Ice       ######....   16%         6    #####..
 Throw Flame              Conj/Fire      ######       1%          2    None
 Inner Flame              Hex/Fire       ######..     1%          3    None
 Confusing Touch          Hex            ###...       4%          1    None
 Summon Small Mammal      Summ           ###.         4%          1    None
 Call Imp                 Summ           ###.....     8%          2    None
 Poisonous Vapours        Pois/Air       ###...       8%          2    None
 Call Canine Familiar     Summ           ###.....     16%         3    None
 Confuse                  Hex            ###.....     16%         3    None
 Gell's Gravitas          Tloc           ###.......   16%         3    None
 Summon Guardian Golem    Hex/Summ       ###.....     16%         3    None
 Yara's Violent Unravell  Hex/Tmut       ###.......   32%         5    ###....
 Freezing Cloud           Conj/Ice/Air   ######....   34%         6    #####..
 Petrify                  Tmut/Erth      ###.....     45%         4    None
 Summon Ice Beast         Ice/Summ       ###.....     45%         4    None
 Summon Lightning Spire   Summ/Air       ###.....     45%         4    None
 Metabolic Englaciation   Hex/Ice        ###.......   80%         5    ###....
 Ring of Flames           Chrm/Fire      ######....   97%         7    ######.


Dungeon Overview and Level Annotations

Branches:
Dungeon (14/15)            Temple (1/1) D:6            Lair (0/6) D:10
    Orc (0/2) D:11
 Vaults: D:13-14

Altars:
Ashenzari
Cheibriados
Dithmenos
Elyvilon
Fedhas
Gozag
Hepliaklqana
Kikubaaqudgha
Makhleb
Nemelex Xobeh
Okawaru
Qazlal
Ru
Sif Muna
Trog
Uskayaw
Vehumet
Wu Jian
Xom
Yredelemnul
Zin
The Shining One
Beogh

Shops:
D:4 [   D:5 :   D:6 :


Message History

The rime drake breathes ice at you. The flash freeze hits you!
You partially resist.
* * * LOW HITPOINT WARNING * * *
You are encased in ice.
The death yak is engulfed in blazing flames.
The yak is engulfed in blazing flames.
The death yak burns!
The rime drake is engulfed in blazing flames.
You kill the rime drake!
Vehumet accepts your kill.
You feel your power returning.
You have reached level 12!
Your experience leads to an increase in your attributes!
Your base attributes are Str 5, Int 24, Dex 15.
Increase (S)trength, (I)ntelligence, or (D)exterity?
You feel clever. x2
The yak is engulfed in blazing flames.
A polar bear comes into view.
The death yak burns! x2; The death yak stops burning.
The death yak gores you!
You die...

###....#.÷##
#..§####...####..
###...#..####
##.§§##...####...
##...####..# ##§§§##..#
#.... ...### ######
#§§###..####..∩ .###
###....### #..####..##∩..#
.#
#..####..#####..##....#####
## #.### ##...# ##.○..#.##
#######...# #..###.########
##........# ##.@h.#
##...⌠...## ##.Y#####.#
÷##...(.## ##...Y§Y#
....##### ####§##h.# ##.##
### .Y# ### .


You could see a death yak and a wolf.

Vanquished Creatures
  Nessos (D:14)
  2 two-headed ogres
  A deep elf mage (D:14)
  An ugly thing (D:10)
  Psyche (D:9)
  3 centaur skeletons
  A rime drake (IceCv)
  A komodo dragon (D:10)
  A troll (D:9)
  4 polar bears (IceCv)
  Prince Ribbit (D:9)
  3 hippogriffs
  A slime creature (D:14)
  A spriggan (D:10)
  5 yaks (IceCv)
  A human (D:10)
  A wyvern (D:8)
  A hungry ghost (D:11)
  Grum (D:9)
  Menkaure (D:6)
  A water moccasin (D:6)
  3 ice beasts
  7 orc warriors
  A sky beast (D:6)
  2 black bears
  An ogre (D:5)
  2 phantoms
  5 necrophages (D:10)
  16 wolves
  6 centaurs
  2 crocodiles
  Blork the orc (D:6)
  6 bullfrogs
  2 wyvern zombies (D:10)
  6 scorpions
  A wyvern skeleton (D:14)
  3 killer bees (D:8)
  12 wights
  4 howler monkeys
  4 centaur zombies
  5 crimson imps
  2 jellies
  8 orc priests
  3 bullfrog skeletons
  2 hounds
  2 iguanas
  11 orc wizards
  5 worker ants
  2 big kobold zombies (Ossuary)
  3 hound skeletons
  6 mummies
  4 gnolls (D:7)
  A howler monkey skeleton (D:4)
  11 adders
  2 shadow imps
  11 white imps (D:14)
  An ooze (D:3)
  2 worms
  A dart slug (D:1)
  8 leopard geckos
  54 orcs
  A ball python (D:1)
  10 bats
  2 giant cockroaches
  A gnoll zombie (Ossuary)
  10 goblins
  6 hobgoblins
  8 jackals
  5 quokkas
  2 frilled lizards (D:3)
  A goblin zombie (Ossuary)
  4 hobgoblin zombies (Ossuary)
  A jackal skeleton (D:4)
  9 kobolds
  5 kobold zombies (Ossuary)
  2 quokka zombies
  3 rats
331 creatures vanquished.

Vanquished Creatures (collateral kills)
  A white imp (D:14)
1 creature vanquished.

Vanquished Creatures (others)
  A jelly (D:10)
  An orc priest (D:8)
  A mummy (D:10)
  2 orcs (D:8)
  A jackal zombie (D:8)
  2 plants (D:10)
8 creatures vanquished.

Grand Total: 340 creatures vanquished

Notes
Turn   | Place    | Note
-------+----------+-------------------------------------------
     0 | D:1      | Arthanis the Deep Elf Fire Elementalist began the quest for
                  | the Orb.
     0 | D:1      | Reached XP level 1. HP: 10/10 MP: 6/6
   122 | D:1      | Reached XP level 2. HP: 12/15 MP: 1/8
   563 | D:1      | Reached XP level 3. HP: 13/19 MP: 1/9
   568 | D:1      | Learned a level 3 spell: Conjure Flame
  1374 | D:3      | Reached XP level 4. HP: 24/24 MP: 4/11
  1382 | D:3      | Learned a level 4 spell: Sticky Flame
  1607 | D:3      | Reached XP level 5. HP: 20/28 MP: 1/13
  2078 | D:4      | Found Heitab's Armour Shop.
  2141 | D:4      | Reached skill level 5 in Fire Magic
  2260 | D:4      | Reached XP level 6. HP: 18/32 MP: 7/14
  2267 | D:4      | Learned a level 5 spell: Fireball
  2553 | D:5      | Entered Level 5 of the Dungeon
  2577 | D:5      | Found a sand-covered staircase.
  2581 | Ossuary  | Entered an ossuary
  2581 | Ossuary  | Noticed a wraith
  2581 | Ossuary  | Noticed a wraith
  2581 | Ossuary  | Noticed a wraith
  3008 | Ossuary  | Noticed a wraith
  3071 | D:5      | Found a shattered altar of Ashenzari.
  3157 | D:5      | Found a hide-covered altar of Uskayaw.
  3323 | D:5      | Reached skill level 5 in Spellcasting
  3323 | D:5      | Reached skill level 5 in Conjurations
  3353 | D:5      | Found a runed door.
  3396 | D:5      | Found Totsua's Book Boutique.
  3525 | D:5      | Reached XP level 7. HP: 25/36 MP: 5/17
  4005 | D:6      | Noticed Blork the orc
  4015 | D:6      | Killed Blork the orc
  4058 | D:6      | Found Sazxedu's Book Emporium.
  4172 | D:6      | Reached XP level 8. HP: 15/41 MP: 14/19
  4228 | D:6      | Noticed Menkaure
  4232 | D:6      | Killed Menkaure
  4601 | D:6      | Found a staircase to the Ecumenical Temple.
  4608 | Temple   | Entered the Ecumenical Temple
  4715 | Temple   | Became a worshipper of Vehumet
  5130 | D:6      | Found a glowing golden altar of the Shining One.
  5139 | D:6      | Reached skill level 1 in Evocations
  5832 | D:5      | Reached XP level 9. HP: 32/45 MP: 11/22
  5854 | D:5      | Reached * piety under Vehumet
  5854 | D:5      | Offered knowledge of Sandblast by Vehumet.
  5917 | D:5      | Found a roughly hewn altar of Beogh.
  7115 | D:8      | Reached skill level 10 in Fire Magic
  7223 | D:8      | Noticed a two-headed ogre
  7233 | D:8      | Killed a two-headed ogre
  7233 | D:8      | Reached skill level 10 in Conjurations
  7233 | D:8      | Reached XP level 10. HP: 27/50 MP: 1/25
  7402 | D:8      | Noticed a cyclops
  7402 | D:8      | Noticed a deep elf mage
  7566 | D:8      | Found a stormy altar of Qazlal.
  7666 | D:8      | Got a warped morningstar
  7667 | D:8      | Identified the cursed +0 morningstar of Xipigg {flame,
                  | *Drain +Rage rElec rF- rN++} (You found it on level 8 of
                  | the Dungeon)
  7697 | D:9      | Reached ** piety under Vehumet
  7697 | D:9      | Offered knowledge of Shock by Vehumet.
  7707 | D:9      | Learned a level 1 spell: Shock
  7844 | D:9      | Noticed Prince Ribbit
  7860 | D:9      | Killed Prince Ribbit
  7918 | D:9      | Noticed Grum
  7931 | D:9      | Killed Grum
  8183 | D:9      | Noticed Psyche
  8186 | D:9      | Killed Psyche
  8279 | D:9      | Learned a level 3 spell: Mephitic Cloud
  8499 | D:10     | Entered Level 10 of the Dungeon
  8517 | D:10     | Noticed a green ugly thing
  8523 | D:10     | Killed a green ugly thing
  8523 | D:10     | Reached skill level 1 in Fighting
  8523 | D:10     | Reached skill level 1 in Armour
  8523 | D:10     | Reached skill level 10 in Spellcasting
  8692 | D:10     | Offered knowledge of Searing Ray by Vehumet.
  8780 | D:10     | Noticed a two-headed ogre
  8791 | D:10     | Killed a two-headed ogre
  8791 | D:10     | Reached XP level 11. HP: 56/56 MP: 11/27
  8908 | D:10     | Found a staircase to the Lair.
  8927 | D:10     | Reached *** piety under Vehumet
  9158 | D:10     | Offered knowledge of Iskenderun's Mystic Blast by Vehumet.
  9726 | D:11     | Reached **** piety under Vehumet
  9766 | D:11     | Found a staircase to the Orcish Mines.
  9797 | D:11     | Got a fine iron ring
  9805 | D:11     | You fall through a shaft for 3 floors!
  9806 | D:14     | Noticed a deep elf mage
  9808 | D:14     | Killed a deep elf mage
  9808 | D:14     | Offered knowledge of Iskenderun's Battlesphere by Vehumet.
  9809 | D:14     | Noticed Nessos
  9885 | D:14     | Killed Nessos
  9900 | D:14     | Found a frozen archway.
  9910 | D:14     | Reached skill level 5 in Dodging
  9952 | D:14     | Identified the ring of Ehyginir {rN+ Int+4} (You found it
                  | on level 11 of the Dungeon)
  9954 | IceCv    | Entered an ice cave
 10195 | IceCv    | Reached ***** piety under Vehumet
 10397 | IceCv    | Offered knowledge of Bolt of Cold by Vehumet.
 10402 | IceCv    | Noticed a death yak
 10409 | IceCv    | Reached XP level 12. HP: 8/62 MP: 18/29
 10410 | IceCv    | Mangled by a death yak

Vault maps used:
D:1:      dpeg_arrival_connections
D:2:      first_ration
D:3:      kennysheep_potato
D:4:      serial_shops, nicolae_shop_statue_plus
D:5:      minmay_chambers_of_fours, kennysheep_little_box, basic_altar,
          lightli_ossuary_entry_decrepit_ruins, serial_shops, shop,
          minmay_misc_feat_ornament, lightli_church_of_beogh
D:6:      minmay_temple_entry_mist, serial_shops, shop, basic_altar,
          uniq_blork_the_orc, uniq_menkaure
D:8:      minmay_the_grid_triangle_9x9_rhombus_full, grunt_qazlal_clouds
D:9:      uniq_psyche, uniq_grum, uniq_prince_ribbit1
D:10:     david_lair_shrubbed, serial_undead, serial_undead_c, serial_undead_b,
          serial_undead_a, serial_undead_d, serial_undead_d, serial_undead_e,
          hangedman_stone_soup
D:11:     david_orc_2
D:14:     skrybe_vaults_entry_preservation, serial_curves, eino_curves_04,
          eino_curves_03, eino_curves_03, portal_ice_cave_entry_imps,
          uniq_nessos
Temple:   kilobyte_greek_temple
Ossuary:  ossuary_kennysheep_city_of_the_dead
IceCv:    ice_cave_caverns_03

Skill      XL: |  1  2  3  4  5  6  7  8  9 10 11 |
---------------+----------------------------------+-----
Conjurations   | 2 3 4 5 6 8 10 11 12 | 12.4
Fire Magic     | 4 5 6 7 8 10 11 12 | 12.8
Spellcasting   | 4 5 6 7 9 10 11 | 11.0
Evocations     | 2 4 |  4.0
Dodging        | 3 5 |  5.6
Stealth        | 3 |  3.0
Fighting       | 1 2 |  2.0
Armour         | 1 2 |  2.0

Action                   |  1- 3 |  4- 6 |  7- 9 | 10-12 || total
-------------------------+-------+-------+-------+-------++-------
Melee: Unarmed           |     1 |       |       |       ||     1
       Short sword       |       |    18 |       |       ||    18
       Great sword       |       |       |    24 |    58 ||    82
 Cast: Flame Tongue      |    85 |   108 |   148 |   119 ||   460
       Conjure Flame     |       |     8 |    10 |    19 ||    37
       Sticky Flame      |       |     1 |    21 |    39 ||    61
       Fireball          |       |       |    13 |    34 ||    47
       Shock             |       |       |       |    49 ||    49
       Mephitic Cloud    |       |       |       |     3 ||     3
Evoke: Wand              |       |       |       |    20 ||    20
  Use: Scroll            |       |     8 |     1 |     9 ||    18
       Potion            |       |       |       |     1 ||     1
 Stab: Paralysed         |       |       |       |     1 ||     1
       Sleeping          |       |       |       |     1 ||     1
       Distracted        |       |       |       |     1 ||     1
       Confused          |       |       |       |     1 ||     1
  Eat: Chunk             |     1 |     4 |     9 |     9 ||    23
       Ration            |       |     1 |     2 |     2 ||     5
Armor: Robe              |    12 |     8 |     9 |     8 ||    37
       Troll leather arm |       |       |       |    32 ||    32
       Skin              |       |       |       |    30 ||    30
Dodge: Dodged            |    41 |    24 |    49 |    84 ||   198
       Rpst.: Great sword |       |       |     9 |    26 ||    35

Table legend:
 A = Non-vault XP
 B = Vault XP
 C = Vault XP percentage of total XP
 D = Non-vault monster count
 E = Vault monster count
 F = Vault count percentage of total count
                 A         B        C        D         E       F
            +---------+---------+-------+---------+---------+-------
      Total |   10269 |   11587 |  53.0 |     209 |     122 |  36.9
            +---------+---------+-------+---------+---------+-------
        D:1 |      42 |       0 |   0.0 |      22 |       0 |   0.0
        D:2 |      32 |       0 |   0.0 |      16 |       0 |   0.0
        D:3 |     159 |       1 |   0.6 |      22 |       1 |   4.3
        D:4 |     161 |       0 |   0.0 |      13 |       0 |   0.0
        D:5 |     435 |     658 |  60.2 |      15 |      30 |  66.7
        D:6 |    1132 |     269 |  19.2 |      20 |       2 |   9.1
        D:7 |     556 |       0 |   0.0 |      14 |       0 |   0.0
        D:8 |     837 |    1667 |  66.6 |       9 |       9 |  50.0
        D:9 |    2348 |    1342 |  36.4 |      28 |       7 |  20.0
       D:10 |    2408 |    2149 |  47.2 |      24 |      17 |  41.5
       D:11 |     708 |     144 |  16.9 |      19 |       6 |  24.0
       D:14 |    1451 |    1406 |  49.2 |       7 |      13 |  65.0
    Ossuary |       0 |     114 | 100.0 |       0 |      15 | 100.0
      IceCv |       0 |    3837 | 100.0 |       0 |      22 | 100.0
            +---------+---------+-------+---------+---------+-------
